 Dungeon Crawl Stone Soup version 0.31-a0-1300-gb6740aa4e6 (webtiles) character file.

Game seed: 472908074769807688

21 gruber the Chiller (level 2, -1/19 HPs)
             Began as a Demonspawn Ice Elementalist on Dec 18, 2023.
             Slain by Terence
             ... wielding a +0 falchion
              (10 damage)
             ... on level 2 of the Dungeon.
             The game lasted 00:01:02 (1059 turns).

gruber the Chiller (Demonspawn Ice Elementalist)    Turns: 1059, Time: 00:01:02

Health: -1/19      AC:  3    Str:  8    XL:     2   Next: 62%
Magic:  0/5        EV: 12    Int: 15    God:
Gold:   64         SH:  0    Dex: 13    Spells: 4/5 levels left

rFire   . . .        h - +2 spear (flame)
rCold   . . .        (no shield)
rNeg    . . .        a - +0 robe
rPois   .            (no helmet)
rElec   .            (no cloak)
rCorr   .            e - +0 pair of gloves
SInv    .            (no boots)
Will    .....        (no amulet)
Stlth   ++           (no ring)
HPRegen 0.23/turn    (no ring)
MPRegen 0.09/turn

%: no passive effects
@: no status effects
A: foul stench 1
a: no special abilities


You were on level 2 of the Dungeon.
You visited 1 branch of the dungeon, and saw 2 of its levels.

You collected 64 gold pieces.

Inventory:

Hand Weapons
 h - a +2 spear of flaming (weapon)
Missiles
 j - a throwing net
Armour
 a - a +0 robe (worn)
 e - a +0 pair of gloves (worn)
Scrolls
 d - a scroll of fog {unknown}
 f - a scroll of enchant armour {unknown}
 i - a scroll of amnesia {unknown}
 k - a scroll of teleportation {unknown}
 l - a scroll of immolation {unknown}
Potions
 b - a potion of magic
 c - 2 potions of heal wounds {unknown}
 g - a potion of curing {unknown}


   Skills:
 - Level 1.7 Dodging
 - Level 1.7 Stealth
 - Level 2.0 Spellcasting
 + Level 4.3 Ice Magic


You had 4 spell levels left.
You knew the following spells:

 Your Spells              Type           Power      Damage    Failure   Level
a - Freeze                Ice            56%        1d7       3%          1

Your spell library contained the following spells:

 Spells                   Type           Power      Damage    Failure   Level
 Frozen Ramparts          Ice            28%        1d5       11%         3
 Ozocubu's Armour         Ice            14%        N/A       11%         3
 Tukima's Dance           Hex            1%         N/A       54%         3
 Summon Ice Beast         Ice/Summ       8%         N/A       65%         4
 Dimensional Bullseye     Hex/Tloc       0%         N/A       91%         4
 Iskenderun's Mystic Bla  Conj/Tloc      1%         2d3       91%         4


Dungeon Overview and Level Annotations

Branches:
Dungeon (2/15)

Altars:

Annotations:
D:2 1 runed translucent door, Crazy Yiuf, Terence


Innate Abilities, Weirdness & Mutations

You may rarely emit foul miasma when damaged in melee.


Message History

Aim: Terence, wielding a +0 falchion and wearing a +2 chain mail of cold resistance (lightly wounded)
You freeze Terence.
Terence resists.
Terence is moderately wounded.
Terence barely misses you.
Casting: Freeze (safe; 3% risk of failure)
Confirm with . or Enter, or press ? or * to list all spells.
Aiming: Freeze (safe; 3% risk of failure)
Press: ? - help, Shift-Dir - straight line, f/p - Terence
Aim: Terence, wielding a +0 falchion and wearing a +2 chain mail of cold resistance (moderately wounded)
You freeze Terence.
Terence resists.
Terence is heavily wounded.
Terence closely misses you.
Unknown command.
Unknown command.
You freeze Terence.
Terence resists.
Terence is heavily wounded.
Terence hits you with a +0 falchion!
You are too injured to fight recklessly!
You are too injured to fight recklessly!
Unknown command.
Unknown command.
Casting: Freeze (safe; 3% risk of failure)
Confirm with . or Enter, or press ? or * to list all spells.
Aiming: Freeze (safe; 3% risk of failure)
Press: ? - help, Shift-Dir - straight line, f/p - Terence
Aim: Terence, wielding a +0 falchion and wearing a +2 chain mail of cold resistance (heavily wounded)
You freeze Terence.
Terence resists.
Terence is severely wounded.
Terence misses you.
Unknown command.
Unknown command.
Reach: h) +2 spear (flame)
Press: ? - help, Dir - move target, f/p - Terence
Aim: Terence, wielding a +0 falchion and wearing a +2 chain mail of cold resistance (severely wounded, about 31% to evade your +2 spear of flaming)
You hit Terence but do no damage.
Terence is severely wounded.
Terence hits you with a +0 falchion!
Ouch! That really hurt!
You die...
Terence says, "Rest in peace."

#......###...#
##.....##....##
###.....##....##
#...^.[##.....#
#.....##....#.#
#...%##....#..#
#..###....#..##
###.........###
#.......#.@@S#
#.....<.####.# # #.......#
#.........
########.....###..Sb###...
.........>..## #.#...
##.#.....##.# #......
#...........# #.......
...#.....#..# . ~......
#.##....##..# .~~.......


You could see Terence and a ball python.

Vanquished Creatures
  A dart slug (D:2)
  An endoplasm (D:2)
  A giant cockroach (D:1)
  A goblin (D:1)
  3 hobgoblins (D:1)
  A ball python (D:1)
  2 bats (D:1)
  4 frilled lizards (D:1)
  4 kobolds
  2 rats (D:1)
20 creatures vanquished.

Notes
Turn   | Place    | Note
-------+----------+-------------------------------------------
     0 | D:1      | gruber the Demonspawn Ice Elementalist began the quest for
                  | the Orb.
     0 | D:1      | Reached XP level 1. HP: 13/13 MP: 3/3
   223 | D:1      | Reached skill level 4 in Ice Magic
   328 | D:1      | Gained mutation: You may rarely emit foul miasma when
                  | damaged in melee. [demonic ancestry]
   328 | D:1      | Reached XP level 2. HP: 19/19 MP: 1/5
   869 | D:2      | Found a faded altar of an unknown god.
   923 | D:2      | Found a runed translucent door.
   924 | D:2      | Noticed Crazy Yiuf
  1048 | D:2      | Noticed Terence
  1059 | D:2      | Slain by Terence

Illustrated notes

Levels and vault maps discovered:
D:1:      mrwooster_arrival_arrow, layout_basic
D:2:      layout_rooms, serial_shops, shop, ebering_ecumenical_altar_mist,
          hangedman_decor_diamond_cutter, kennysheep_decorative_pillar,
          nrook_mini_backslash, uniq_crazy_yiuf_cottage, uniq_terence

Skill      XL: |  1 |
---------------+----+-----
Ice Magic      | 4 |  4.3
Dodging        | |  1.7
Stealth        | |  1.7
Spellcasting   | |  2.0

Action                     || total
---------------------------++-------
  Melee: Unarmed           ||     2
         Spear             ||    19
         Short sword       ||     8
         Punch             ||     1
   Cast: Freeze            ||    23
   Stab: Sleeping          ||     1
 Armour: Robe              ||    22
  Dodge: Dodged            ||    28

Table legend: (Time is in decaauts)
 A = Elapsed time spent in this place.
 B = Non-inter-level travel time spent in this place.
 C = Inter-level travel time spent in this place.
 D = Time resting spent in this place.
 E = Time spent auto-exploring this place.
 F = Levels seen in this place.
 G = Mean time per level.
                   A        B        C        D        E       F      G
               +--------+--------+--------+--------+--------+-----+--------+
         Total |   1059 |   1012 |     47 |      0 |    849 |   2 |  529.5 |
       Dungeon |   1059 |   1012 |     47 |      0 |    849 |   2 |  529.5 |
               +--------+--------+--------+--------+--------+-----+--------+

Top non-repeatable levels by time:
     D:1: 790 daAuts
     D:2: 268 daAuts
